 Dungeon Crawl Stone Soup version 0.31-a0-851-g7ff8af7976 (webtiles) character file.

Game seed: 15043097194545021540

434 Armakuni the Charlatan (level 7, -3/48 HPs)
             Began as a Human Artificer on Oct 7, 2023.
             Splashed by a jelly's acid (6 damage)
             ... on level 4 of the Dungeon.
             The game lasted 00:10:31 (3793 turns).

Armakuni the Charlatan (Human Artificer)            Turns: 3793, Time: 00:10:31

Health: -3/48      AC:  6    Str: 13    XL:     7   Next: 20%
Magic:  7/7        EV:  9    Int: 13    God:
Gold:   194        SH:  0    Dex: 13    Spells: 6/6 levels left

rFire   . . .        a - +1 dagger (elec)
rCold   + . .        (no shield)
rNeg    . . .        p - +4 scale mail {rC+}
rPois   .            m - +0 helmet
rElec   .            (no cloak)
rCorr   .            l - +0 pair of gloves
SInv    .            k - +0 pair of boots
Will    .....        (no amulet) Stlth
                     (no ring)
HPRegen 0.28/turn    (no ring)
MPRegen 0.10/turn

%: no passive effects
@: corroded
A: no striking features
a: no special abilities


You were on level 4 of the Dungeon.
You visited 1 branch of the dungeon, and saw 5 of its levels.

You collected 194 gold pieces.

Inventory:

Hand Weapons
 a - a +1 dagger of electrocution (weapon)
 n - a +0 sling
 t - a +0 flail
Missiles
 o - a javelin
Armour
 k - a +0 pair of boots (worn)
 l - a +0 pair of gloves (worn)
 m - a +0 helmet (worn)
 p - a +4 scale mail of cold resistance (worn)
Jewellery
 U - an amulet of faith
Wands
 c - a wand of charming (13)
 j - a wand of iceblast (1)
 r - a wand of roots (15)
Scrolls
 b - a scroll of fear
 e - a scroll of enchant armour
 g - 3 scrolls of amnesia
 h - 3 scrolls of teleportation
 s - a scroll of torment
 v - a scroll of noise
Potions
 d - a potion of cancellation {unknown}
 f - a potion of magic {unknown}
 i - 2 potions of brilliance {unknown}
 q - a potion of might {unknown}
 u - a potion of berserk rage {unknown}


   Skills:
 - Level 1.0 Fighting
 - Level 4.4 Maces & Flails
 - Level 3.0 Armour
 - Level 2.5 Dodging
 - Level 1.0 Stealth
 + Level 4.9 Evocations


You had 6 spell levels left.
You didn't know any spells.
Your spell library contained the following spells:

 Spells                   Type           Power      Damage    Failure   Level
 Lesser Beckoning         Tloc           0%         N/A       91%         2
 Gell's Gravitas          Tloc           0%         N/A       99%         3
 Teleport Other           Tloc           0%         N/A       99%         3


Dungeon Overview and Level Annotations

Branches:
Dungeon (5/15)
 Temple: D:4-7

Altars:
Fedhas

Shops:
D:4 *:

Annotations:
D:5 Blork the orc, Sigmund


Message History

Sigmund shouts!
The jelly quivers.
Found a blossoming altar of Fedhas.
There is a stone staircase leading up here.
Aiming: Iceblast
Press: ? - help, Shift-Dir - straight line
Okay, then.
Okay, then.
A sleepcap comes into view.
Blork the orc comes into view.
He is wielding a +0 vampiric scimitar and wearing a +2 robe of willpower.
Blork the orc shouts!
The jelly hits you.
You are splashed with acid!
You climb upwards.
There is a stone staircase leading down here.
You hit the jelly.
Your hands burn!
The jelly is lightly wounded.
The jelly hits you but does no damage.
You completely miss the jelly.
The jelly is lightly wounded.
The jelly hits you but does no damage.
You barely miss the jelly.
The jelly is lightly wounded.
The jelly barely misses you.
You hit the jelly.
Your hands burn!
The jelly is moderately wounded.
The jelly hits you but does no damage.
You completely miss the jelly.
The jelly is moderately wounded.
The jelly hits you.
You are splashed with acid!
You hit the jelly.
Your hands burn!
The jelly is heavily wounded.
The jelly hits you. The acid corrodes you!
You are splashed with acid!
* * * LOW HITPOINT WARNING * * *
You hit the jelly but do no damage.
Your hands burn!
* * * LOW HITPOINT WARNING * * *
The jelly is heavily wounded.
The jelly hits you.
* * * LOW HITPOINT WARNING * * *
The acid corrodes you!
You are splashed with acid.
You die...

#..PP♣~~...#..~P..#....#...
#.~P~~P~...#.P~♣~.#...##...
#.PPP~~P...#..~~P.#...#####
##P~~~~#...#..~~~.#........
#P~.P##...#..P~~.#........
#....##...#......#........
#.........#......#........
#.........#.....)#...#####
#........@#......#...##...
#........J#.....%#....'...
#.........#......#...##...
#.........#......#...##...
#....##...#......#...##...
#....##...#......#...#####
#....##...#......#........
#....##...#......#........
#....#....#......#........


You could see a jelly.

Vanquished Creatures
  2 ogres (D:4)
  A jelly (D:4)
  Ijyb (D:3)
  Terence (D:2)
  Robin (D:2)
  A gnoll (D:2)
  3 adders
  A worm (D:2)
  2 dart slugs
  7 orcs
  8 endoplasms
  4 giant cockroaches
  21 goblins
  10 hobgoblins
  5 jackals (D:3)
  5 kobolds
  4 quokkas
  6 ball pythons
  4 bats
  6 frilled lizards
  4 rats
97 creatures vanquished.

Vanquished Creatures (collateral kills)
  2 gnolls (D:2)
2 creatures vanquished.

Vanquished Creatures (others)
  A gnoll (D:2)
1 creature vanquished.

Grand Total: 100 creatures vanquished

Notes
Turn   | Place    | Note
-------+----------+-------------------------------------------
     0 | D:1      | Armakuni the Human Artificer began the quest for the Orb.
     0 | D:1      | Reached XP level 1. HP: 15/15 MP: 1/1
   136 | D:1      | Reached skill level 1 in Maces & Flails
   204 | D:1      | Reached XP level 2. HP: 3/21 MP: 2/2
   908 | D:2      | Reached XP level 3. HP: 25/26 MP: 3/3
   915 | D:2      | Noticed Robin
   943 | D:2      | Killed Robin
   961 | D:2      | Reached XP level 4. HP: 21/32 MP: 4/4
  1369 | D:2      | Noticed Terence
  1375 | D:2      | Killed Terence
  1376 | D:2      | Reached XP level 5. HP: 37/37 MP: 5/5
  1972 | D:3      | Noticed Ijyb
  2019 | D:3      | Killed Ijyb
  2174 | D:3      | Reached XP level 6. HP: 40/43 MP: 6/6
  2979 | D:4      | Found Ecageq's Elemental Accessories.
  3167 | D:4      | Noticed an ogre
  3172 | D:4      | Killed an ogre
  3212 | D:4      | Noticed an ogre
  3218 | D:4      | Killed an ogre
  3219 | D:4      | Reached XP level 7. HP: 37/48 MP: 7/7
  3487 | D:4      | Found Maytunosm's Book Shoppe.
  3779 | D:5      | Entered Level 5 of the Dungeon
  3779 | D:5      | Noticed Sigmund
  3779 | D:5      | Found a blossoming altar of Fedhas.
  3784 | D:5      | Noticed Blork the orc
  3793 | D:4      | Splashed by a jelly's acid

Illustrated notes

Levels and vault maps discovered:
D:1:      matt_arrival_spirals, layout_rooms, serial_rivers,
          chequers_serial_rivers_small_3, chequers_serial_rivers_marsh,
          chequers_serial_rivers_marsh, chequers_serial_rivers_room_a,
          chequers_serial_rivers_small_b, chequers_serial_rivers_micro_a
D:2:      layout_basic, uniq_robin, uniq_terence
D:3:      kennysheep_the_goblin_king, layout_basic
D:4:      layout_gridville, serial_shops, nicolae_shop_tiny_glass,
          nicolae_elemental_shop, serial_bayou_lagoon_a
D:5:      layout_rooms, grunt_gozag_breadcrumbs, overflow_temple_1_default,
          nicolae_dithmenos_through_a_glass_darkly,
          mainiacjoe_overflow_tiny_flanked, minmay_temple_entry_enclosed_plants,
          amcnicky_mini_pool_small, minmay_joined_circles, uniq_blork_the_orc,
          uniq_sigmund

Skill      XL: |  1  2  3  4  5  6 |
---------------+-------------------+-----
Maces & Flails | 1 2 3 4 |  4.4
Dodging        | 2 |  2.5
Armour         | 3 |  3.0
Evocations     | 4 |  4.9
Fighting       | |  1.0
Stealth        | |  1.0

Action                     |  1- 3 |  4- 6 |  7- 9 || total
---------------------------+-------+-------+-------++-------
  Melee: Club              |    43 |       |       ||    43
         Whip              |    46 |   226 |       ||   272
         Punch             |     2 |     2 |     1 ||     5
         Mace              |       |    15 |       ||    15
         Dagger            |       |    37 |    38 ||    75
         Flail             |       |     8 |       ||     8
  Throw: Javelin           |    14 |     4 |       ||    18
  Evoke: Wand              |     4 |    17 |       ||    21
    Use: Scroll            |     2 |     9 |       ||    11
 Armour: Ring mail         |    70 |    35 |       ||   105
         Scale mail        |       |   147 |    27 ||   174
  Dodge: Dodged            |    53 |   134 |    13 ||   200

Table legend: (Time is in decaauts)
 A = Elapsed time spent in this place.
 B = Non-inter-level travel time spent in this place.
 C = Inter-level travel time spent in this place.
 D = Time resting spent in this place.
 E = Time spent auto-exploring this place.
 F = Levels seen in this place.
 G = Mean time per level.
                   A        B        C        D        E       F      G
               +--------+--------+--------+--------+--------+-----+--------+
         Total |   3796 |   3705 |     91 |    196 |   2452 |   5 |  759.2 |
       Dungeon |   3796 |   3705 |     91 |    196 |   2452 |   5 |  759.2 |
               +--------+--------+--------+--------+--------+-----+--------+

Top non-repeatable levels by time:
     D:3: 1110 daAuts
     D:2: 1046 daAuts
     D:1: 823 daAuts
     D:4: 810 daAuts
     D:5: 6 daAuts
